 Dungeon Crawl Stone Soup version 0.30-a0-1160-g6e42c06551 (webtiles) character file.

Game seed: 15431559217150297753

24826 Newt the Markskobold (level 13, -2/72 HPs)
             Began as a Kobold Hunter on Apr 26, 2023.
             Was a Priest of Hepliaklqana.
             Killed by divine providence
             ... invoked by an orc high priest
              (11 damage)
             ... on level 2 of the Orcish Mines.
             The game lasted 00:16:51 (12887 turns).

Newt the Markskobold (Kobold Hunter)               Turns: 12887, Time: 00:16:52

Health: -2/72      AC:  4    Str: 12    XL:     13   Next: 45%
Magic:  13/13      EV: 21    Int: 10    God:    Hepliaklqana [***...]
Gold:   80         SH: 16    Dex: 26    Spells: 12/12 levels left

rFire   + . .        d - +9 sling (heavy)
rCold   . . .        r - +0 kite shield {reflect}
rNeg    . . .        h - +1 leather armour "Qacsoi" {rF+ Str-2 Dex+2 Stlth+}
rPois   .            (no helmet)
rElec   .            A - scarf {repulsion}
rCorr   .            (no gloves)
SInv    .            (no boots)
Will    .....        L - amulet of reflection
Stlth   ++++++++     l - +6 ring of strength
HPRegen 0.32/turn    s - ring of flight
MPRegen 0.13/turn

%: repel missiles, reflection, clarity
@: flying, hasted, very quick
A: reduced essence, small, no large weapons, nightstalker 3, thin skeletal
structure 1, clarity, clumsy 1
a: Renounce Religion, Recall Ancestor, Ancestor Identity, Transference


You were on level 2 of the Orcish Mines.
You worshipped Hepliaklqana.
Hepliaklqana was most pleased with you.
You visited 3 branches of the dungeon, and saw 13 of its levels.
You also visited: Ossuary.

You collected 1133 gold pieces.
You spent 1053 gold pieces at shops.

Inventory:

Hand Weapons
 a - a +0 shortbow
 d - a +9 heavy sling (weapon)
 e - a +0 sling
Missiles
 q - 6 throwing nets
Armour
 c - a +0 leather armour
 h - the +1 leather armour "Qacsoi" (worn) {rF+ Str-2 Dex+2 Stlth+}
   (You found it on level 4 of the Dungeon)

   Str:       It affects your strength (-2).
   Dex:       It affects your dexterity (+2).
   rF:        It protects you from fire.
   Stlth:     It makes you more stealthy.
 j - a +1 cloak
 r - a +0 kite shield of reflection (worn)
 A - a scarf of repulsion (worn)
 E - +0 steam dragon scales
 G - an orb of energy
 I - a +0 troll leather armour
 O - the +0 leather armour of Vemidag {Harm rPois rC++ Will-}
   (You bought it in a shop on level 2 of the Orcish Mines)

   rC:        It greatly protects you from cold.
   rPois:     It protects you from poison.
   Harm:      It increases damage dealt and taken.
   Will:      It decreases your willpower.
Jewellery
 l - a +6 ring of strength (left hand)
 s - a ring of flight (right hand)
 F - an amulet of guardian spirit
 L - an amulet of reflection (around neck)
Wands
 i - a wand of roots (13)
 x - a wand of digging (5)
 K - a wand of flame (6)
 Q - a wand of polymorph (3)
Scrolls
 b - 3 scrolls of immolation
 f - 4 scrolls of teleportation
 y - 2 scrolls of fog
 z - a scroll of enchant weapon
 B - a scroll of silence
 C - a scroll of enchant armour
 P - a scroll of brand weapon
Potions
 g - a potion of berserk rage {unknown}
 k - a potion of resistance
 m - 3 potions of brilliance
 n - 8 potions of attraction
 o - a potion of mutation
 p - a potion of degeneration
 t - 2 potions of flight
 u - 10 potions of curing
 v - 3 potions of might
 w - 2 potions of invisibility
 D - a potion of magic
 J - 3 potions of lignification
 N - a potion of cancellation
Miscellaneous
 R - a box of beasts (inert)


   Skills:
 - Level 9.0 Fighting
 - Level 18.1 Ranged Weapons
 - Level 5.0 Armour
 - Level 9.0 Dodging
 - Level 10.0 Stealth
 + Level 4.2 Shields
 - Level 10.0 Evocations


You had 12 spell levels left.
You didn't know any spells.
Your spell library contained the following spells:

 Spells                   Type           Power      Damage    Failure   Level
 Sandblast                Erth           0%         2d4       86%         1
 Passwall                 Tmut/Erth      0%         N/A       95%         2
 Poisonous Vapours        Pois/Air       0%         N/A       95%         2
 Gell's Gravitas          Tloc           0%         N/A       99%         3
 Mephitic Cloud           Conj/Pois/Air  0%         N/A       99%         3
 Ozocubu's Armour         Ice            0%         N/A       99%         3
 Stone Arrow              Conj/Erth      0%         3d7       99%         3
 Teleport Other           Tloc           0%         N/A       99%         3
 Freezing Cloud           Conj/Ice/Air   0%         6-21      100%        5
 Dispersal                Tloc           0%         N/A       100%        6
 Ozocubu's Refrigeration  Ice            0%         4d7       100%        7


Dungeon Overview and Level Annotations

Branches:
Dungeon (10/15) Temple (1/1) D:6 Orc (2/2) D:10 Elf (0/3) Orc:1 Orc:2 Ossuary (visited) Lair: D:8-11

Altars:
Ashenzari
Cheibriados
Dithmenos
Elyvilon
Fedhas
Gozag
Hepliaklqana
Kikubaaqudgha
Makhleb
Nemelex Xobeh
Qazlal
Ru
Trog
Uskayaw
Vehumet
Wu Jian
Yredelemnul

Shops:
D:5 *!   Orc:2 :[

Annotations:
D:3 2 transporters


Innate Abilities, Weirdness & Mutations

Your life essence is reduced to manifest your ancestor. (-10% HP)
You are small and have problems with some larger weapons.
You are completely attuned to the shadows.
You have a somewhat thin skeletal structure. (Dex +2, Stealth+)
You possess an exceptional clarity of mind.
You are clumsy. (Dex -2)


Message History

Aim: an orc high priest, wielding a +0 trident (almost dead, 74% to hit)
You shoot a sling bullet. The sling bullet hits the rust devil.
The rust devil is lightly wounded.
The rust devil completely misses you. You block the orc high priest's attack.
Unknown command.
Unknown command.
Unknown command.
Fire: d) +9 sling (heavy)
Press: ? - help, Shift-Dir - straight line, f/p - orc high priest
Aim: an orc high priest, wielding a +0 trident (almost dead, 74% to hit)
You shoot a sling bullet. The sling bullet hits the rust devil!!
The rust devil is heavily wounded.
The rust devil completely misses you.
Unknown command.
Unknown command.
Fire: d) +9 sling (heavy)
Press: ? - help, Shift-Dir - straight line, f/p - orc high priest
Aim: an orc high priest, wielding a +0 trident (almost dead, 74% to hit)
You shoot a sling bullet.
The sling bullet hits the rust devil but does no damage.
The rust devil is heavily wounded.
The orc high priest hits you from afar with a +0 trident!
* * * LOW HITPOINT WARNING * * *
The rust devil closely misses you.
Unknown command.
Unknown command.
Okay, then.
You feel much better.
The orc high priest hits you from afar with a +0 trident!
* * * LOW HITPOINT WARNING * * *
Unknown command.
Fire: d) +9 sling (heavy)
Press: ? - help, Shift-Dir - straight line, f/p - orc high priest
Aim: an orc high priest, wielding a +0 trident (almost dead, 74% to hit)
You shoot a sling bullet. The sling bullet hits the rust devil.
The rust devil is severely wounded.
You block the rust devil's attack.
The orc high priest calls down the wrath of Beogh upon you.
Beogh smites you!
You die...

.....####)...)...###
.........)).)##.##
.............##..#
#...H.......###..#
##...###...## ##.#
########### #')#
#####
...######..###...#
...4#..4#)...'...#
....'..o4@...'...#
.).3#..3######..∩#
...###### ##### ...
..


You could see an orc high priest, an ice devil (summoned), a rust devil
(summoned) and a neqoxec (summoned).

Vanquished Creatures
  An ogre mage (Orc:2)
  8 two-headed ogres
  Nergalle (D:10)
  The ghost of turdburglar the Covert, a novice KoEn (D:7)
  Pikel (D:9)
  3 orc knights (Orc:2)
  2 orc sorcerers (Orc:2)
  Maggie (D:7)
  5 trolls
  2 saltlings (Orc:2)
  Sigmund (D:4)
  9 yaks
  Grum (D:8)
  Eustachio (D:5)
  5 steam dragons
  An acid dragon (D:10)
  2 water moccasins
  14 orc warriors
  2 ice beasts
  A black bear (D:8)
  7 ogres
  4 wolves (D:8)
  9 centaurs
  2 lemures (D:9)
  An elf zombie (Ossuary)
  2 kobold brigands
  3 scorpions
  2 gnoll sergeants (D:9)
  6 bullfrogs
  21 wights
  11 killer bees
  5 howler monkeys
  4 electric eels (D:10)
  2 human zombies (Ossuary)
  A jelly (D:4)
  5 orc priests
  3 gnoll boudas
  3 hounds
  2 sleepcaps
  3 iguanas
  21 orc wizards
  5 mummies
  36 gnolls
  6 adders
  A shadow imp (D:5)
  A white imp (D:5)
  An adder zombie (Ossuary)
  3 worms
  3 dart slugs
  47 orcs
  6 endoplasms
  2 giant cockroaches
  A gnoll zombie (Ossuary)
  8 goblins
  5 hobgoblins
  6 jackals
  4 quokkas
  6 ball pythons
  4 bats
  4 frilled lizards
  2 goblin zombies
  5 hobgoblin zombies
  10 kobolds
  8 rats
  2 rat zombies (Ossuary)
355 creatures vanquished.

Vanquished Creatures (collateral kills)
  Donald (Orc:2)
  Harold (D:10)
  Erolcha (D:10)
  An orc high priest (Orc:1)
  An orc knight (Orc:2)
  Psyche (D:9)
  A troll (Orc:2)
  An ogre (Orc:2)
  A wight (D:10)
  A killer bee (D:10)
  2 orc wizards
  A gnoll (Orc:2)
  7 orcs
20 creatures vanquished.

Vanquished Creatures (others)
  A wyvern (D:8)
  2 ancestors
  3 knights
  2 pillars of salt (Orc:2)
8 creatures vanquished.

Grand Total: 383 creatures vanquished

Notes
Turn   | Place    | Note
-------+----------+-------------------------------------------
     0 | D:1      | Newt the Kobold Hunter began the quest for the Orb.
     0 | D:1      | Reached XP level 1. HP: 12/12 MP: 1/1
   228 | D:1      | Reached XP level 2. HP: 18/18 MP: 2/2
   624 | D:2      | Identified a scroll of acquirement
   624 | D:2      | Acquired a +8 sling of freezing
   627 | D:2      | Reached XP level 3. HP: 23/23 MP: 3/3
  1312 | D:3      | Reached XP level 4. HP: 30/30 MP: 4/4
  1422 | D:3      | Reached skill level 5 in Fighting
  1483 | D:3      | Reached XP level 5. HP: 35/35 MP: 5/5
  1634 | D:3      | Reached skill level 6 in Ranged Weapons
  1788 | D:3      | Found a shadowy altar of Dithmenos.
  1899 | D:3      | Found a transporter.
  2052 | D:3      | Found a transporter.
  2231 | D:4      | Identified the +1 leather armour "Qacsoi" {rF+ Str-2 Dex+2
                  | Stlth+}
  2292 | D:4      | Reached skill level 7 in Ranged Weapons
  2323 | D:4      | Noticed Sigmund
  2326 | D:4      | Reached XP level 6. HP: 40/40 MP: 6/6
  2332 | D:4      | Killed Sigmund
  2333 | D:4      | Reached skill level 8 in Ranged Weapons
  2333 | D:4      | Reached XP level 7. HP: 9/44 MP: 7/7
  2806 | D:4      | Reached skill level 9 in Ranged Weapons
  3576 | D:5      | Entered Level 5 of the Dungeon
  3582 | D:5      | Noticed Eustachio
  3596 | D:5      | Killed Eustachio
  3597 | D:5      | Reached skill level 10 in Ranged Weapons
  3629 | D:5      | Found Ceaval's Distillery.
  3659 | D:5      | Reached XP level 8. HP: 49/49 MP: 8/8
  3690 | D:5      | Found Notytux's Neck Hole.
  3721 | D:5      | Reached skill level 5 in Dodging
  3740 | D:5      | Found a sand-covered staircase.
  3748 | Ossuary  | Entered an ossuary
  4303 | D:5      | Bought a scarf of repulsion for 120 gold pieces
  4486 | D:5      | Reached skill level 11 in Ranged Weapons
  4975 | D:6      | Found a large runed translucent door.
  4975 | D:6      | Found a large runed translucent door.
  5001 | D:6      | Reached skill level 12 in Ranged Weapons
  5001 | D:6      | Reached XP level 9. HP: 54/54 MP: 9/9
  5064 | D:6      | Found a snail-covered altar of Cheibriados.
  5375 | D:6      | Reached skill level 13 in Ranged Weapons
  5386 | D:6      | Found a staircase to the Ecumenical Temple.
  5510 | Temple   | Entered the Ecumenical Temple
  5565 | Temple   | Became a worshipper of Hepliaklqana the Forgotten
  5812 | D:6      | Reached skill level 14 in Ranged Weapons
  6326 | D:6      | Found a basalt altar of Yredelemnul.
  6332 | D:6      | Found a sacrificial altar of Ru.
  6446 | D:7      | Noticed Maggie
  6458 | D:7      | Killed Maggie
  6459 | D:7      | Reached XP level 10. HP: 37/59 MP: 10/10
  6880 | D:7      | Found a sparkling altar of Nemelex Xobeh.
  6923 | D:7      | Found a blossoming altar of Fedhas.
  6938 | D:7      | Reached * piety under Hepliaklqana
  7054 | D:7      | Found a runed translucent gate.
  7054 | D:7      | Found a runed translucent gate.
  7054 | D:7      | Found a runed translucent gate.
  7056 | D:7      | Noticed turdburglar's ghost (novice KoEn)
  7137 | D:7      | Found an ancient bone altar of Kikubaaqudgha.
  7137 | D:7      | Found a stormy altar of Qazlal.
  7579 | D:7      | Killed turdburglar's ghost
  7580 | D:7      | Reached skill level 1 in Evocations
  7687 | D:5      | Bought an amulet of reflection for 300 gold pieces
  7927 | D:8      | Reached skill level 5 in Evocations
  7978 | D:8      | Reached XP level 11. HP: 62/63 MP: 11/11
  7986 | D:8      | Found a burning altar of Makhleb.
  8113 | D:8      | Reached skill level 15 in Ranged Weapons
  8364 | D:8      | Noticed Grum
  8706 | D:8      | Gained mutation: You are clumsy. (Dex -2) [potion of
                  | mutation]
  8707 | D:8      | Lost mutation: You are clumsy. (Dex -2) [potion of
                  | mutation]
  8707 | D:8      | Gained mutation: You have large cloven feet. [potion of
                  | mutation]
  8708 | D:8      | Lost mutation: You have large cloven feet. [potion of
                  | mutation]
  8708 | D:8      | Gained mutation: You have a somewhat thin skeletal
                  | structure. (Dex +2, Stealth+) [potion of mutation]
  8708 | D:8      | Gained mutation: You possess an exceptional clarity of
                  | mind. [potion of mutation]
  8708 | D:8      | Gained mutation: You are clumsy. (Dex -2) [potion of
                  | mutation]
  8821 | D:8      | Reached skill level 16 in Ranged Weapons
  8861 | D:8      | Killed Grum
  8929 | D:9      | Noticed a two-headed ogre
  8936 | D:9      | Killed a two-headed ogre
  9072 | D:9      | Noticed Pikel
  9084 | D:9      | Killed Pikel
  9085 | D:9      | Noticed a two-headed ogre
  9091 | D:9      | Killed a two-headed ogre
  9092 | D:9      | Reached skill level 17 in Ranged Weapons
  9137 | D:9      | Found a radiant altar of Vehumet.
  9177 | D:9      | Reached ** piety under Hepliaklqana
  9178 | D:9      | Remembered your ancestor Hrodulf as a knight
  9380 | D:9      | Killed Psyche
  9977 | D:10     | Entered Level 10 of the Dungeon
 10057 | D:10     | Noticed a two-headed ogre
 10064 | D:10     | Killed a two-headed ogre
 10065 | D:10     | Reached skill level 18 in Ranged Weapons
 10065 | D:10     | Reached XP level 12. HP: 68/68 MP: 12/12
 10101 | D:10     | Noticed a two-headed ogre
 10115 | D:10     | Killed a two-headed ogre
 10116 | D:10     | Reached skill level 5 in Stealth
 10141 | D:10     | Noticed Erolcha
 10147 | D:10     | Killed Erolcha
 10197 | D:10     | Noticed Nergalle
 10497 | D:10     | Noticed Harold
 10508 | D:10     | Killed Harold
 10509 | D:10     | Reached skill level 10 in Stealth
 10549 | D:10     | Found a staircase to the Orcish Mines.
 11014 | D:10     | Killed Nergalle
 11546 | D:5      | Bought 2 potions of heal wounds for 150 gold pieces
 11546 | D:5      | Bought a potion of heal wounds for 75 gold pieces
 11546 | D:5      | Bought a potion of curing for 45 gold pieces
 11546 | D:5      | Bought a potion of curing for 45 gold pieces
 11688 | Orc:1    | Entered Level 1 of the Orcish Mines
 11732 | Orc:1    | Noticed an orc high priest
 11741 | Orc:1    | Killed an orc high priest
 11922 | Orc:2    | Entered Level 2 of the Orcish Mines
 11922 | Orc:2    | Found a staircase to the Elven Halls.
 12059 | Orc:2    | Noticed an ogre mage
 12062 | Orc:2    | Killed an ogre mage
 12065 | Orc:2    | Noticed a two-headed ogre
 12068 | Orc:2    | Noticed a two-headed ogre
 12068 | Orc:2    | Noticed a two-headed ogre
 12070 | Orc:2    | Killed a two-headed ogre
 12080 | Orc:1    | Killed a two-headed ogre
 12081 | Orc:1    | Reached skill level 10 in Evocations
 12081 | Orc:1    | Reached skill level 1 in Armour
 12084 | Orc:1    | Killed a two-headed ogre
 12085 | Orc:1    | Reached XP level 13. HP: 21/72 MP: 13/13
 12374 | Orc:2    | Found Zampucukeu's Book Shop.
 12401 | Orc:2    | Reached *** piety under Hepliaklqana
 12514 | Orc:2    | Noticed Donald
 12528 | Orc:2    | HP: 1/72 [Donald/+0 long sword of protection (46)]
 12533 | Orc:2    | Killed Donald
 12538 | Orc:2    | Reached skill level 5 in Armour
 12687 | Orc:2    | Reached skill level 1 in Shields
 12817 | Orc:2    | Found Qirghucw's Armour Shoppe.
 12822 | Orc:2    | Bought the +0 leather armour of Vemidag {Harm rPois rC++
                  | Will-} for 318 gold pieces
 12885 | Orc:2    | HP: 1/72 [orc high priest/+0 trident (11)]
 12887 | Orc:2    | Killed from afar by an orc high priest

Illustrated notes

Levels and vault maps discovered:
D:1:      sevenhm_arrival_forest_fort_large_4, layout_rooms, nrook_mini_vaults,
          supply_closet_lemuel
D:2:      layout_loops_ring
D:3:      gammafunk_steamed_eel, layout_basic, lemuel_round_altar,
          minmay_unequal
D:4:      layout_loops_corners, serial_park_tiny_2, sigmund_army
D:5:      layout_basic, serial_shops, nicolae_shop_tiny_glass,
          nicolae_ossuary_entry_giza, small_statue_intersection,
          nicolae_shop_sticking_my_neck_out, uniq_eustachio
D:6:      nicolae_whirlpool, layout_layer_cave,
          mainiacjoe_overflow_six_doors_small, jmf_multi_god_temple2,
          minmay_temple_entry_mini_moons, uniq_sigmund
D:7:      layout_basic, fedhas_bush_and_centaur_altar,
          gammafunk_temple_overflow_elements, nemelex_spade_bored_becter,
          ebering_ghost_rock_garden, uniq_maggie
D:8:      layout_cave_pools, minmay_ruined_shrine, uniq_grum
D:9:      layout_basic, lemuel_crystal_altar, minmay_misc_feat_plants,
          uniq_psyche, uniq_pikel
D:10:     layout_loops_corners, erik_orc_2, uniq_harold, uniq_nergalle,
          uniq_erolcha
Temple:   nicolae_temple_ecumenical_triangle
Orc:1:    layout_caves, statue_in_the_mist_lemuel
Orc:2:    hellmonk_orc_salted, layout_caves, serial_shops, shop, basic_altar,
          uniq_donald

Skill      XL: |  1  2  3  4  5  6  7  8  9 10 11 12 13 |
---------------+----------------------------------------+-----
Fighting       | 3 4 5 9 |  9.0
Ranged Weapons | 7 8 10 12 14 18 | 18.1
Dodging        | 4 6 9 |  9.0
Evocations     | 6 10 | 10.0
Stealth        | 4 10 | 10.0
Armour         | 2 5 |  5.0
Shields        | 4 |  4.2

Action                     |  1- 3 |  4- 6 |  7- 9 | 10-12 | 13-15 || total
---------------------------+-------+-------+-------+-------+-------++-------
  Melee: Sling             |       |     2 |       |       |       ||     2
   Fire: Shortbow          |    52 |       |       |       |       ||    52
         Sling             |    24 |    69 |   259 |   547 |   108 ||  1007
 Invoke: Ancestor Life: Kn |       |       |       |     1 |       ||     1
         Recall Ancestor   |       |       |       |       |     2 ||     2
  Evoke: Wand              |       |       |       |     1 |     3 ||     4
         Box of beasts     |       |       |       |       |     1 ||     1
    Use: Scroll            |     4 |     4 |     5 |    12 |     2 ||    27
         Potion            |       |     2 |     2 |     4 |     5 ||    13
 Armour: Leather armour    |    12 |    12 |    18 |    10 |     2 ||    54
  Dodge: Dodged            |    31 |    35 |    86 |   125 |    30 ||   307
         Repelled          |       |       |       |     3 |       ||     3
  Block: Other             |       |       |       |    45 |     3 ||    48
         Reflection        |       |       |       |     1 |     1 ||     2
         Kite shield       |       |       |       |       |    29 ||    29

Table legend: (Time is in decaauts)
 A = Elapsed time spent in this place.
 B = Non-inter-level travel time spent in this place.
 C = Inter-level travel time spent in this place.
 D = Time resting spent in this place.
 E = Time spent auto-exploring this place.
 F = Levels seen in this place.
 G = Mean time per level.
                   A        B        C        D        E       F      G
               +--------+--------+--------+--------+--------+-----+--------+
         Total |  12765 |  11916 |    849 |   1686 |   8539 |  14 |  911.8 |
       Dungeon |  11103 |  10271 |    832 |   1057 |   7866 |  10 | 1110.3 |
        Temple |     60 |     55 |      5 |      0 |     45 |   1 |   60.0 |
  Orcish Mines |   1211 |   1200 |     11 |    532 |    415 |   2 |  605.5 |
       Ossuary |    390 |    390 |      0 |     97 |    213 |   1 |  390.0 |
               +--------+--------+--------+--------+--------+-----+--------+

Top non-repeatable levels by time:
     D:6: 1499 daAuts
    D:10: 1480 daAuts
     D:4: 1349 daAuts
     D:7: 1299 daAuts
     D:8: 1137 daAuts
     D:9: 1046 daAuts
     D:5: 1037 daAuts
     D:3: 931 daAuts
   Orc:2: 807 daAuts
     D:2: 689 daAuts
     D:1: 631 daAuts
   Orc:1: 404 daAuts
 Ossuary: 390 daAuts
  Temple: 60 daAuts
